IL
TACOMA RAINIERS @ BUFFALO BISONS
04/28/2044
 
TOP OF THE 1ST
Tacoma Rainiers batting - Pitching for Buffalo Bisons : RHP Hoof Harted
Pitching: RHP Hoof Harted
Batting: RHB Sean Peake 0-0: Ball
1-0: Ball
2-0: SINGLE (Groundball, 6MD, EV 94.4 MPH)
Batting: LHB Caleb Domino 0-0: Ball
1-0: Called Strike
1-1: Ball
2-1: Called Strike
2-2: Foul Ball, location: 2F
2-2: 2-RUN HOME RUN (Flyball, 89XD, EV 108.8 MPH), Distance : 405 ft
Batting: LHB Jerrod Cluck 0-0: Called Strike
0-1: DOUBLE (Groundball, 3L, EV 106.3 MPH)
Batting: LHB Cliff Thomas 0-0: Ball
1-0: Ball
2-0: Ball
3-0: Base on Balls
Batting: RHB Malik Brookshire 0-0: Ball
1-0: Called Strike
1-1: Ball
2-1: Ball
3-1: Foul Ball, location: 2F
3-2: Base on Balls
Jerrod Cluck to third
Cliff Thomas to second
Batting: LHB Tom Reynolds 0-0: Ball
1-0: Foul Ball, location: 2F
1-1: Called Strike
1-2: Ball
2-2: Ball
3-2: Base on Balls
Jerrod Cluck scores
Cliff Thomas to third
Malik Brookshire to second
Batting: RHB Rick Ellis 0-0: Swinging Strike
0-1: Foul Ball, location: 2F
0-2: Fly out, F9 (Flyball, 9LD, EV 100.6 MPH)
Runner from 3rd tags up, SCORES, throw by RF
Malik Brookshire to third
Batting: RHB Bill Vives 0-0: Ball
1-0: Foul Ball, location: 2F
1-1: Ball
2-1: Foul Ball, location: 2F
2-2: Ball
3-2: Fly out, F3 (Popup, 3SF, EV 75.0 MPH)
Batting: RHB Salvador Avina 0-0: Ball
Wild Pitch!
Malik Brookshire scores
Tom Reynolds to second
1-0: DOUBLE (Groundball, 5L, EV 105.6 MPH)
Tom Reynolds scores
Pitching: LHP Josh Black
Batting: RHB Sean Peake 0-0: Ball
1-0: Ground out 6-3 (Groundball, 6, EV 103.8 MPH)
Top of the 1st over - 6 runs, 4 hits, 0 errors, 1 left on base; Tacoma 6 - Buffalo 0
BOTTOM OF THE 1ST
Buffalo Bisons batting - Pitching for Tacoma Rainiers : RHP Justin Lee
Pitching: RHP Justin Lee
Batting: RHB Danny Burnside 0-0: Ball
1-0: Ball
2-0: Foul Ball, location: 2F
2-1: Ball
3-1: DOUBLE (Line Drive, 8RD, EV 96.3 MPH)
Batting: LHB Michael Byrd 0-0: Ball
1-0: Ball
2-0: Called Strike
2-1: Ball
3-1: Base on Balls
Batting: RHB Ryan Kinkead 0-0: Ball
1-0: Foul Ball, location: 2F
1-1: Foul Ball, location: 2F
1-2: Ball
2-2: Foul Ball, location: 2F
2-2: Grounds into double play, 4-6-3 (Groundball, 4, EV 87.5 MPH)
Danny Burnside to third
Batting: RHB Alex Ramos 0-0: Fly out, F9 (Line Drive, 9, EV 85.6 MPH)
Bottom of the 1st over - 0 runs, 1 hit, 0 errors, 1 left on base; Tacoma 6 - Buffalo 0
TOP OF THE 2ND
Tacoma Rainiers batting - Pitching for Buffalo Bisons : LHP Josh Black
Batting: LHB Caleb Domino 0-0: Swinging Strike
0-1: SINGLE (Groundball, 25, EV 62.5 MPH) (infield hit)
Batting: LHB Jerrod Cluck 0-0: Ball
1-0: Called Strike
1-1: Foul Ball, location: 2F
1-2: SINGLE (Groundball, 25, EV 66.3 MPH) (infield hit)
Caleb Domino to second
Batting: LHB Cliff Thomas 0-0: Grounds into double play, 5-6-3 (Groundball, 6, EV 88.8 MPH)
Caleb Domino to third
Batting: RHB Malik Brookshire 0-0: Ball
1-0: Ball
2-0: Ball
3-0: Base on Balls
Batting: LHB Tom Reynolds 0-0: Called Strike
0-1: Ball
1-1: Swinging Strike
1-2: Ball
2-2: Strikes out swinging
Top of the 2nd over - 0 runs, 2 hits, 0 errors, 2 left on base; Tacoma 6 - Buffalo 0
BOTTOM OF THE 2ND
Buffalo Bisons batting - Pitching for Tacoma Rainiers : RHP Justin Lee
Batting: RHB Greg Herzig 0-0: SINGLE (Groundball, 6MD, EV 95.6 MPH)
Batting: LHB Tso-lin Fen 0-0: Called Strike
0-1: Ball
1-1: Foul Ball, location: 2F
1-2: Ball
2-2: SINGLE (Groundball, 4MS, EV 60.6 MPH) (infield hit)
Greg Herzig to second
Batting: RHB Fraco Munoz 0-0: Ball
1-0: Called Strike
1-1: Ball
2-1: Ball
3-1: Fly out, F7 (Flyball, 7, EV 90.6 MPH)
Batting: RHB Mike Strey 0-0: SINGLE (Groundball, 56D, EV 102.5 MPH)
Greg Herzig to third
Tso-lin Fen to second
Runner from 3rd tries for Home, SAFE, throw by LF to home
Batting: RHB Jon Aguilar 0-0: SINGLE (Groundball, 34D, EV 93.8 MPH)
Tso-lin Fen to third
Mike Strey to second
Runner from 3rd tries for Home, throw by RF and OUT! 9-2
Batting: RHB Danny Burnside 0-0: Ball
1-0: Ball
2-0: Ball
3-0: Base on Balls
Mike Strey to third
Jon Aguilar to second
Batting: LHB Michael Byrd 0-0: Ball
1-0: Ball
2-0: Called Strike
2-1: Foul Ball, location: 2F
2-2: Fly out, F9 (Flyball, 9S, EV 97.5 MPH)
Bottom of the 2nd over - 1 run, 4 hits, 0 errors, 3 left on base; Tacoma 6 - Buffalo 1
TOP OF THE 3RD
Tacoma Rainiers batting - Pitching for Buffalo Bisons : LHP Josh Black
Batting: RHB Rick Ellis 0-0: Swinging Strike
0-1: Called Strike
0-2: Ground out 6-3 (Groundball, 6M, EV 107.5 MPH)
Batting: RHB Bill Vives 0-0: Ball
1-0: Foul Ball, location: 2F
1-1: Ball
2-1: Called Strike
2-2: SINGLE (Groundball, 6D, EV 101.9 MPH)
Batting: RHB Salvador Avina 0-0: Ball
1-0: Ball
2-0: Grounds into double play, 1-6-3 (Groundball, 13, EV 68.1 MPH)
Top of the 3rd over - 0 runs, 1 hit, 0 errors, 0 left on base; Tacoma 6 - Buffalo 1
BOTTOM OF THE 3RD
Buffalo Bisons batting - Pitching for Tacoma Rainiers : RHP Justin Lee
Batting: RHB Ryan Kinkead 0-0: Called Strike
0-1: Ball
1-1: Swinging Strike
1-2: Ball
2-2: Strikes out swinging
Batting: RHB Alex Ramos 0-0: Foul Ball, location: 2F
0-1: Swinging Strike
0-2: Foul Ball, location: 2F
0-2: Ball
1-2: Ground out 1-3 (Groundball, 13S, EV 65.0 MPH)
Batting: RHB Greg Herzig 0-0: Foul Ball, location: 2F
0-1: Ball
1-1: Fly out, F4 (Flyball, 34D, EV 83.8 MPH)
Bottom of the 3rd over - 0 runs, 0 hits, 0 errors, 0 left on base; Tacoma 6 - Buffalo 1
TOP OF THE 4TH
Tacoma Rainiers batting - Pitching for Buffalo Bisons : LHP Josh Black
Batting: RHB Sean Peake 0-0: Called Strike
0-1: Foul Ball, location: 2F
0-2: Ball
1-2: Ball
2-2: Strikes out looking
Batting: LHB Caleb Domino 0-0: Ball
1-0: Called Strike
1-1: Ground out 6-3 (Groundball, 6M, EV 76.9 MPH)
Batting: LHB Jerrod Cluck 0-0: Ball
1-0: Called Strike
1-1: Swinging Strike
1-2: Foul Ball, location: 2F
1-2: Fly out, F8 (Line Drive, 8RM, EV 88.1 MPH)
Top of the 4th over - 0 runs, 0 hits, 0 errors, 0 left on base; Tacoma 6 - Buffalo 1
BOTTOM OF THE 4TH
Buffalo Bisons batting - Pitching for Tacoma Rainiers : RHP Justin Lee
Batting: LHB Tso-lin Fen 0-0: Ball
1-0: Fly out, F7 (Flyball, 7D, EV 100.0 MPH)
Batting: RHB Fraco Munoz 0-0: Ball
1-0: Ground out 3-1 (Groundball, 34S, EV 93.8 MPH)
Batting: RHB Mike Strey 0-0: Ball
1-0: Foul Ball, location: 2F
1-1: Foul Ball, location: 2F
1-2: Ball
2-2: Foul Ball, location: 2F
2-2: Ball
3-2: Fly out, F9 (Flyball, 89S, EV 88.1 MPH)
Bottom of the 4th over - 0 runs, 0 hits, 0 errors, 0 left on base; Tacoma 6 - Buffalo 1
TOP OF THE 5TH
Tacoma Rainiers batting - Pitching for Buffalo Bisons : LHP Josh Black
Batting: LHB Cliff Thomas 0-0: Called Strike
0-1: Ball
1-1: Ball
2-1: Fly out, F8 (Flyball, 8RM, EV 73.1 MPH)
Batting: RHB Malik Brookshire 0-0: DOUBLE (Flyball, 89XD, EV 99.4 MPH)
Batting: LHB Tom Reynolds 0-0: Ball
Malik Brookshire steals 3rd base
1-0: Ball
2-0: Swinging Strike
2-1: Foul Ball, location: 2F
2-2: Foul Ball, location: 2F
2-2: Foul Ball, location: 2F
2-2: Ground out 4-3 (Groundball, 4S, EV 68.1 MPH)
Malik Brookshire scores
Pitching: RHP Fernando Torres
Batting: RHB Rick Ellis 0-0: Foul Ball, location: 2F
0-1: Swinging Strike
0-2: Strikes out swinging
Top of the 5th over - 1 run, 1 hit, 0 errors, 0 left on base; Tacoma 7 - Buffalo 1
BOTTOM OF THE 5TH
Buffalo Bisons batting - Pitching for Tacoma Rainiers : RHP Justin Lee
Batting: RHB Jon Aguilar 0-0: Called Strike
0-1: Called Strike
0-2: Ball
1-2: Strikes out swinging
Batting: RHB Danny Burnside 0-0: Swinging Strike
0-1: Swinging Strike
0-2: Strikes out swinging
Batting: LHB Michael Byrd 0-0: Called Strike
0-1: SINGLE (Flyball, 8RS, EV 89.4 MPH)
Batting: RHB Ryan Kinkead 0-0: Ball
1-0: Called Strike
1-1: Called Strike
1-2: Foul Ball, location: 2F
1-2: Ground out 4-3 (Groundball, 4, EV 78.8 MPH)
Bottom of the 5th over - 0 runs, 1 hit, 0 errors, 1 left on base; Tacoma 7 - Buffalo 1
TOP OF THE 6TH
Tacoma Rainiers batting - Pitching for Buffalo Bisons : RHP Fernando Torres
Batting: RHB Bill Vives 0-0: Called Strike
0-1: Swinging Strike
0-2: Strikes out swinging
Batting: RHB Salvador Avina 0-0: Called Strike
0-1: Called Strike
0-2: Strikes out swinging
Batting: RHB Sean Peake 0-0: Called Strike
0-1: Foul Ball, location: 2F
0-2: Ball
1-2: Strikes out swinging
Top of the 6th over - 0 runs, 0 hits, 0 errors, 0 left on base; Tacoma 7 - Buffalo 1
BOTTOM OF THE 6TH
Buffalo Bisons batting - Pitching for Tacoma Rainiers : RHP Justin Lee
Batting: RHB Alex Ramos 0-0: Called Strike
0-1: SINGLE (Groundball, 6MD, EV 103.1 MPH)
Batting: RHB Greg Herzig 0-0: Called Strike
Alex Ramos steals 2nd, throwing error, E2
Alex Ramos to third
0-1: Ground out 6-3 (Groundball, 6D, EV 92.5 MPH)
Alex Ramos scores
Batting: LHB Tso-lin Fen 0-0: Fly out, F7 (Flyball, 7D, EV 89.4 MPH)
Batting: RHB Fraco Munoz 0-0: Called Strike
0-1: Ball
1-1: Foul Ball, location: 2F
1-2: DOUBLE (Groundball, 5L, EV 96.9 MPH)
Batting: RHB Mike Strey 0-0: Called Strike
0-1: Ball
1-1: Ground out 4-3 (Groundball, 34, EV 86.9 MPH)
Bottom of the 6th over - 1 run, 2 hits, 1 error, 1 left on base; Tacoma 7 - Buffalo 2
TOP OF THE 7TH
Tacoma Rainiers batting - Pitching for Buffalo Bisons : RHP Fernando Torres
Batting: LHB Caleb Domino 0-0: Foul Ball, location: 2F
0-1: Foul Ball, location: 2F
0-2: Ground out 1-3 (Groundball, 15S, EV 63.1 MPH)
Batting: LHB Jerrod Cluck 0-0: Ball
1-0: Ground out 4-3 (Groundball, 4, EV 91.9 MPH)
Batting: LHB Cliff Thomas 0-0: Foul Ball, location: 2F
0-1: Called Strike
0-2: Ball
1-2: Strikes out swinging
Top of the 7th over - 0 runs, 0 hits, 0 errors, 0 left on base; Tacoma 7 - Buffalo 2
BOTTOM OF THE 7TH
Buffalo Bisons batting - Pitching for Tacoma Rainiers : RHP Justin Lee
Batting: RHB Jon Aguilar 0-0: Ball
1-0: Ground out 6-3 (Groundball, 6, EV 87.5 MPH)
Pitching: LHP Rentaro Minami
Batting: RHB Danny Burnside 0-0: Called Strike
0-1: Ball
1-1: Foul Ball, location: 2F
1-2: DOUBLE (Line Drive, 9LS, EV 115.0 MPH)
Batting: LHB Michael Byrd 0-0: Called Strike
0-1: Fly out, F7 (Flyball, 7LS, EV 78.8 MPH)
Batting: RHB Ryan Kinkead 0-0: Ball
1-0: Ball
2-0: Called Strike
2-1: Ball
3-1: Foul Ball, location: 2F
3-2: Foul Ball, location: 2F
3-2: Foul Ball, location: 2F
3-2: Base on Balls
Batting: RHB Alex Ramos 0-0: Ball
1-0: Called Strike
1-1: Ball
2-1: Foul Ball, location: 2F
2-2: Foul Ball, location: 2F
2-2: Strikes out swinging
Bottom of the 7th over - 0 runs, 1 hit, 0 errors, 2 left on base; Tacoma 7 - Buffalo 2
TOP OF THE 8TH
Tacoma Rainiers batting - Pitching for Buffalo Bisons : RHP Fernando Torres
Batting: RHB Malik Brookshire 0-0: Swinging Strike
0-1: Fly out, F8 (Flyball, 8RD, EV 96.3 MPH)
Batting: LHB Tom Reynolds 0-0: Swinging Strike
0-1: Called Strike
0-2: Ball
1-2: Ball
2-2: Ball
3-2: Base on Balls
Pitching: RHP Jaime Salazar
Batting: RHB Rick Ellis 0-0: Foul Ball, location: 2F
0-1: Ball
1-1: Swinging Strike
1-2: Foul Ball, location: 2F
1-2: Ball
2-2: Strikes out swinging
Batting: RHB Bill Vives 0-0: Foul Ball, location: 2F
0-1: Ball
1-1: Foul Ball, location: 2F
1-2: Strikes out looking
Top of the 8th over - 0 runs, 0 hits, 0 errors, 1 left on base; Tacoma 7 - Buffalo 2
BOTTOM OF THE 8TH
Buffalo Bisons batting - Pitching for Tacoma Rainiers : LHP Rentaro Minami
Batting: RHB Greg Herzig 0-0: Ball
1-0: Called Strike
1-1: Foul Ball, location: 2F
1-2: Ball
2-2: Ball
3-2: Strikes out swinging
Pinch Hitting: RHB Tony Rosas 0-0: Called Strike
0-1: Ball
1-1: Foul Ball, location: 2F
1-2: Ball
2-2: Fly out, F2 (Popup, 23F, EV 84.4 MPH)
Batting: RHB Fraco Munoz 0-0: Ball
1-0: Foul Ball, location: 2F
1-1: Fly out, F8 (Flyball, 8RS, EV 92.5 MPH)
Bottom of the 8th over - 0 runs, 0 hits, 0 errors, 0 left on base; Tacoma 7 - Buffalo 2
TOP OF THE 9TH
Tacoma Rainiers batting - Pitching for Buffalo Bisons : RHP Jaime Salazar
Pitching: RHP Junpei Yamazaki
Now in LF: John Loving
Batting: RHB Salvador Avina 0-0: Foul Ball, location: 2F
0-1: Ball
1-1: Foul Ball, location: 2F
1-2: Foul Ball, location: 2F
1-2: Strikes out swinging
Batting: RHB Sean Peake 0-0: Ball
1-0: Swinging Strike
1-1: Called Strike
1-2: Ball
2-2: Foul Ball, location: 2F
2-2: Ball
3-2: SOLO HOME RUN (Flyball, 7LD, EV 95.0 MPH), Distance : 349 ft
Batting: LHB Caleb Domino 0-0: Ball
1-0: Ball
2-0: Swinging Strike
2-1: Ball
3-1: Called Strike
3-2: Fly out, F7 (Line Drive, 7D, EV 108.1 MPH)
Batting: LHB Jerrod Cluck 0-0: Called Strike
0-1: Ball
1-1: Swinging Strike
1-2: Ball
2-2: SINGLE (Line Drive, 4M, EV 105.0 MPH)
Batting: LHB Cliff Thomas 0-0: Ball
1-0: Foul Ball, location: 2F
1-1: Ball
2-1: Called Strike
2-2: Ball
3-2: Ground out U3 (Groundball, 3L, EV 103.1 MPH)
Top of the 9th over - 1 run, 2 hits, 0 errors, 1 left on base; Tacoma 8 - Buffalo 2
BOTTOM OF THE 9TH
Buffalo Bisons batting - Pitching for Tacoma Rainiers : LHP Rentaro Minami
Batting: RHB Mike Strey 0-0: Swinging Strike
0-1: Called Strike
0-2: Strikes out swinging
Batting: RHB Jon Aguilar 0-0: Called Strike
0-1: Fly out, F8 (Line Drive, 8RM, EV 95.0 MPH)
Batting: RHB Danny Burnside 0-0: Foul Ball, location: 2F
0-1: Swinging Strike
0-2: Strikes out swinging
Bottom of the 9th over - 0 runs, 0 hits, 0 errors, 0 left on base; Tacoma 8 - Buffalo 2
Thursday, March 31st , 2022 - OOTP Baseball 22.12 Build 89